 Dungeon Crawl Stone Soup version 0.23.0 (webtiles) character file.

Game seed: 4538076035781652972

16753 poirepourri the Severer (level 12, 0/115 HPs)
             Began as a Minotaur Fighter on Feb 16, 2019.
             Was a High Priest of Okawaru.
             Killed from afar by Azrael (19 damage)
             ... with damnation
             ... on level 14 of the Dungeon.
             The game lasted 00:10:32 (9070 turns).

poirepourri the Severer (Minotaur Fighter)          Turns: 9070, Time: 00:10:33

Health: 0/115      AC:  8    Str: 22    XL:     12   Next: 12%
Magic:  11/11      EV: 23    Int:  5    God:    Okawaru [*****.]
Gold:   666        SH: 14    Dex: 14    Spells: 11/11 levels left

rFire    + . .     SeeInvis .   a - +4 war axe
rCold    x . .     Gourm    .   c - +4 shield
rNeg     + . .     Faith    .   E - +1 ring mail of Urethrox {rElec rN+ Regen+}
rPois    .         Spirit   .   (helmet restricted)
rElec    +         Reflect  .   (no cloak)
rCorr    +         Harm     .   e - +1 pair of gloves
MR       .....                  (no boots)
Stlth    +.........             x - amulet of the acrobat
HPRegen  0.69/turn              g - ring of fire
MPRegen  0.12/turn              t - ring of resist corrosion

@: acrobat, very slightly contaminated
A: retaliatory headbutt, horns 2
a: Heroism, Finesse, Renounce Religion


You were on level 14 of the Dungeon.
You worshipped Okawaru.
Okawaru was extremely pleased with you.
You were not hungry.

You visited 2 branches of the dungeon, and saw 14 of its levels.

You collected 716 gold pieces.
You spent 50 gold pieces at shops.

Inventory:

Hand Weapons
 a - a +4 war axe (weapon)
Missiles
 s - a throwing net (quivered)
 C - 6 silver javelins
Armour
 c - a +4 shield (worn)
 e - a +1 pair of gloves (worn)
 r - the +1 plate armour of Xyn Une {Dex+4}
   (You found it on level 9 of the Dungeon)

   It affects your dexterity (+4).
 E - the +1 ring mail of Urethrox (worn) {rElec rN+ Regen+}
   (Okawaru gifted it to you on level 11 of the Dungeon)

   It insulates you from electricity.
   It protects you from negative energy.
   It increases your rate of regeneration.
Jewellery
 g - a ring of fire (left hand)
 l - an uncursed ring of protection from cold
 t - a ring of resist corrosion (right hand)
 x - an amulet of the acrobat (around neck)
Wands
 q - a wand of digging (6)
 v - a wand of disintegration (5)
 w - a wand of flame (21)
 B - a wand of acid (2)
Scrolls
 i - 7 scrolls of remove curse
 j - 4 scrolls of teleportation
 y - a scroll of silence
 z - 2 scrolls of fear
 A - 3 scrolls of identify
Potions
 k - 3 potions of ambrosia
 m - 3 potions of flight
 n - 7 potions of curing
 o - 3 potions of haste
 p - a potion of agility
 u - 2 potions of mutation
 D - a potion of cancellation {unknown}
Comestibles
 f - 9 rations


   Skills:
 + Level 13.2 Fighting
 - Level 18.4 Axes
 - Level 3.6 Armour
 - Level 3.6 Shields


You had 11 spell levels left.
You didn't know any spells.
Your spell library contained the following spells:

 Spells                   Type           Power        Failure   Level  Hunger
 Infusion                 Chrm           #...         98%         1    ##.....
 Shroud of Golubria       Chrm/Tloc      #.........   99%         2    ###....
 Song of Slaying          Chrm           #.......     99%         2    ###....
 Regeneration             Chrm/Necr      #.........   100%        3    ####...
 Spectral Weapon          Hex/Chrm       #.......     100%        3    ####...


Dungeon Overview and Level Annotations

Branches:
Dungeon (13/15)            Temple (1/1) D:6            Lair (0/6) D:8
    Orc: D:9-12      Vaults: D:13-14

Altars:
Ashenzari
Cheibriados
Dithmenos
Elyvilon
Fedhas
Gozag
Hepliaklqana
Kikubaaqudgha
Makhleb
Nemelex Xobeh
Okawaru
Qazlal
Ru
Sif Muna
Trog
Uskayaw
Vehumet
Wu Jian
Xom
Yredelemnul
Zin
The Shining One

Shops:
D:7 !

Annotations:
D:14 Azrael


Innate Abilities, Weirdness & Mutations

You reflexively headbutt those who attack you in melee.
You have a pair of horns on your head.


Message History

Azrael gestures at you.
The sphere of damnation explodes!
The damnation engulfs you!!
* * * LOW HITPOINT WARNING * * *
The damnation engulfs the troll!
The damnation engulfs Azrael.
Azrael completely resists.
You barely miss Azrael. You headbutt Azrael, but do no damage.
Azrael is almost dead.
You slice the troll!!
You kill the troll!
Okawaru accepts your kill.
The troll leather armour is intact enough to wear.
Azrael hits you with a +1 scimitar of flaming.
* * * LOW HITPOINT WARNING * * *
Okay, then.
Blink to where?
Press: ? - help, Dir - move target cursor
As you read the scroll of blinking, it crumbles to dust.
Azrael gestures at you.
The sphere of damnation explodes!
The damnation engulfs you!!
You die...

#.#○#.#.#.#.##......+
##.#R#.#.#.#.#
#.#.#.#.#.#.## # ##
#.#.#.#.#.# .#
#.#.#.#.## ..#
#.#.#.#.# ...#
#.#.#.##.....
#.#.#....... #.#.#@#
...#....# ... #....#
..... #....# ....
+....# .... ####.+ .#
..


You could see Azrael.

Vanquished Creatures
  A centaur warrior (D:13)
  3 two-headed ogres
  A tengu warrior (D:13)
  Urug (D:10)
  Sonja (D:10)
  An ugly thing (D:13)
  A cyclops (D:13)
  A centaur skeleton (D:13)
  2 gargoyles
  A komodo dragon (D:8)
  5 trolls
  Grinder (D:3)
  2 hippogriffs
  Sigmund (D:6)
  A yak (D:8)
  A wyvern (D:10)
  A wraith (D:10)
  4 fire elementals (D:14)
  A basilisk (D:11)
  A hungry ghost (D:8)
  2 vampire mosquitoes (D:13)
  An acid dragon (D:13)
  A hell hound (D:14)
  2 soldier ants (D:13)
  A soldier ant (shapeshifter) (D:13)
  Purgy (D:4)
  3 orc warriors
  2 porcupines (D:8)
  A hornet zombie (D:6)
  5 sky beasts
  3 ice beasts
  4 phantoms
  3 black bears
  A necrophage (D:5)
  8 ogres
  An eye of draining (D:10)
  A crocodile (D:8)
  11 centaurs
  2 big kobolds (D:8)
  5 bullfrogs
  A water moccasin zombie (D:5)
  4 scorpions
  A water moccasin skeleton (D:10)
  A wight (D:8)
  6 killer bees (D:7)
  7 howler monkeys
  2 quasits (D:10)
  3 bullfrog zombies
  7 crimson imps
  5 jellies
  2 orc priests
  A bullfrog skeleton (D:10)
  5 hounds
  9 orc wizards
  3 iguanas
  8 worker ants
  3 hound zombies
  2 hound skeletons (D:7)
  16 gnolls
  7 adders
  2 shadow imps
  12 white imps (D:13)
  3 oozes (D:4)
  An adder skeleton (D:6)
  3 worms
  5 dart slugs
  6 leopard geckos
  26 orcs
  3 ball pythons (D:3)
  A giant cockroach (D:1)
  15 goblins
  5 hobgoblins
  7 jackals
  7 quokkas
  8 bats
  7 frilled lizards
  12 kobolds
  A quokka skeleton (D:4)
  4 rats
  A fungus (D:8)
311 creatures vanquished.

Vanquished Creatures (others)
  6 fungi (D:8)
  A plant (D:8)
7 creatures vanquished.

Grand Total: 318 creatures vanquished

Notes
Turn   | Place    | Note
-------+----------+-------------------------------------------
     0 | D:1      | poirepourri the Minotaur Fighter began the quest for the
                  | Orb.
     0 | D:1      | Reached XP level 1. HP: 19/19 MP: 0/0
    45 | D:1      | Reached skill level 3 in Axes
    50 | D:1      | Reached XP level 2. HP: 26/26 MP: 1/1
   107 | D:1      | Reached skill level 4 in Axes
   176 | D:1      | Reached XP level 3. HP: 20/31 MP: 2/2
   757 | D:2      | Reached skill level 5 in Axes
   757 | D:2      | Reached XP level 4. HP: 35/39 MP: 3/3
   948 | D:2      | Noticed an orc warrior
   968 | D:2      | Killed an orc warrior
   968 | D:2      | Reached skill level 6 in Axes
   968 | D:2      | Reached XP level 5. HP: 22/45 MP: 4/4
  1500 | D:2      | Reached skill level 7 in Axes
  1585 | D:2      | Found an ornate altar of the Wu Jian Council.
  1590 | D:2      | Found a shimmering altar of Xom.
  1591 | D:2      | Found a shattered altar of Ashenzari.
  2021 | D:3      | Found an opulent altar of Gozag.
  2099 | D:3      | Reached XP level 6. HP: 42/51 MP: 5/5
  2138 | D:3      | Found a sacrificial altar of Ru.
  2218 | D:3      | Found a faded altar of an unknown god.
  2319 | D:4      | Noticed Purgy
  2325 | D:4      | Killed Purgy
  2325 | D:4      | Reached skill level 8 in Axes
  2325 | D:4      | Noticed Grinder
  2340 | D:3      | Killed Grinder
  2340 | D:3      | Reached skill level 9 in Axes
  2340 | D:3      | Reached XP level 7. HP: 31/57 MP: 6/6
  2480 | D:4      | Reached skill level 10 in Axes
  2594 | D:4      | Found a glowing golden altar of the Shining One.
  2638 | D:4      | Reached skill level 11 in Axes
  2833 | D:4      | Found an iron altar of Okawaru.
  2930 | D:4      | Reached XP level 8. HP: 64/64 MP: 7/7
  3020 | D:4      | Became a worshipper of Warmaster Okawaru
  3024 | D:5      | Entered Level 5 of the Dungeon
  3255 | D:5      | Reached skill level 12 in Axes
  3493 | D:5      | Found a shadowy altar of Dithmenos.
  3577 | D:5      | Reached * piety under Okawaru
  3686 | D:5      | Reached skill level 13 in Axes
  3869 | D:6      | Found a staircase to the Ecumenical Temple.
  3875 | Temple   | Entered the Ecumenical Temple
  4158 | D:6      | Noticed Sigmund
  4163 | D:6      | Reached XP level 9. HP: 51/70 MP: 8/8
  4174 | D:6      | Killed Sigmund
  4200 | D:6      | Found a basalt altar of Yredelemnul.
  4236 | D:6      | Reached skill level 14 in Axes
  4236 | D:6      | Reached ** piety under Okawaru
  4506 | D:6      | Found a sand-covered staircase.
  4858 | D:7      | Found Qygiul's Distillery.
  4864 | D:7      | Bought a potion of heal wounds for 50 gold pieces
  5314 | D:7      | Reached skill level 15 in Axes
  5792 | D:8      | Reached *** piety under Okawaru
  5810 | D:8      | Found a staircase to the Lair.
  5832 | D:8      | Reached skill level 16 in Axes
  5852 | D:8      | Reached XP level 10. HP: 24/77 MP: 9/9
  6167 | D:8      | Noticed a two-headed ogre
  6172 | D:8      | Killed a two-headed ogre
  6172 | D:8      | Reached **** piety under Okawaru
  6187 | D:8      | Reached skill level 17 in Axes
  6760 | D:9      | Noticed a gargoyle
  6767 | D:9      | Killed a gargoyle
  6767 | D:9      | Reached ***** piety under Okawaru
  6846 | D:9      | Reached skill level 18 in Axes
  6920 | D:9      | Got a bloodstained plate armour
  6931 | D:9      | Identified the cursed +1 plate armour of Xyn Une {Dex+4}
                  | (You found it on level 9 of the Dungeon)
  7053 | D:10     | Entered Level 10 of the Dungeon
  7283 | D:10     | Noticed Sonja
  7285 | D:10     | Killed Sonja
  7285 | D:10     | Reached skill level 5 in Fighting
  7285 | D:10     | Reached XP level 11. HP: 66/86 MP: 10/10
  7747 | D:10     | Noticed Urug
  7763 | D:10     | Killed Urug
  7994 | D:11     | Received a gift from Okawaru
  8159 | D:11     | Got a dazzling ring mail {god gift}
  8160 | D:11     | Identified the +1 ring mail of Urethrox {rElec rN+ Regen+}
                  | (Okawaru gifted it to you on level 11 of the Dungeon)
  8273 | D:11     | You fall through a shaft for 2 floors!
  8274 | D:13     | Noticed a white ugly thing
  8281 | D:13     | Killed a white ugly thing
  8453 | D:13     | Reached skill level 10 in Fighting
  8559 | D:13     | Noticed a centaur warrior
  8563 | D:13     | Noticed a tengu warrior
  8570 | D:13     | Killed a centaur warrior
  8590 | D:13     | Killed a tengu warrior
  8666 | D:13     | Noticed a two-headed ogre
  8675 | D:13     | Killed a two-headed ogre
  8737 | D:13     | Noticed a two-headed ogre
  8752 | D:13     | Killed a two-headed ogre
  8752 | D:13     | Reached XP level 12. HP: 89/113 MP: 11/11
  9037 | D:13     | You fall through a shaft!
  9038 | D:14     | Noticed Azrael
  9070 | D:14     | Killed from afar by Azrael

Skill      XL: |  1  2  3  4  5  6  7  8  9 10 11 12 |
---------------+-------------------------------------+-----
Axes           | 3 4 5 6 7 9 11 13 16 18 | 18.4
Fighting       | 5 12 13 | 13.2
Armour         | |  3.6
Shields        | |  3.6

Action                   |  1- 3 |  4- 6 |  7- 9 | 10-12 || total
-------------------------+-------+-------+-------+-------++-------
Melee: War axe           |    89 |    95 |   266 |   417 ||   867
       Headbutt          |    12 |    14 |    49 |    96 ||   171
Evoke: Wand              |       |       |       |    13 ||    13
  Use: Scroll            |     6 |     7 |    10 |    10 ||    33
       Potion            |       |     2 |     3 |     5 ||    10
  Eat: Ration            |       |     2 |     3 |     3 ||     8
       Chunk             |       |       |     1 |       ||     1
Armor: Scale mail        |    40 |    39 |    61 |    23 ||   163
       Plate armour      |       |       |       |    61 ||    61
       Ring mail         |       |       |       |    31 ||    31
       Skin              |       |       |       |    13 ||    13
Dodge: Dodged            |    33 |    27 |    49 |   113 ||   222
Block: Shield            |    56 |    56 |   149 |   276 ||   537
